← All builds
Front / Armada / Economy first / OBSERVED BUILD

Standard front

Standard economy-first Front play: Bot Lab and Vehicle Plant almost immediately, Advanced Metal Extractor around 9 minutes, with a mixed T1 army of Blitz, Rocketeer, Pawn and Janus sent to hold the wider gap and then middle.

#eco · 973 distinct matches · 130 players · 74% of Armada Front games · team won 63% of 1106 · Recently observed

HOW TO PLAY IT

Key timing: Vehicle Plant by 0:47

  1. Open 3 mex then Bot Lab and Vehicle Plant almost together.
  2. Layer wind while both labs start producing.
  3. Send early units to coast first to stop leaks, not middle.
  4. Add Construction Turrets as "Blitz", "Rocketeer", "Janus" mix builds up.
  5. Transition into Advanced Metal Extractor once T2 con is out.

Phase by phase

TYPICAL OF ITS 973 GAMES
  1. 1
  2. 2
  3. 3
PLAY THE OPENING

Follow the example game's first 6:00 step by step: what to build now, what comes next, and where it goes. At 1× it keeps pace with your own game.

  1. 1

    Up to the Bot Lab

    Economy
    • Metal Extractor2Mex
    • Wind Turbine1Wind
    Order
    1. Bot LabBot Lab after 3 mex, 1 winddone ~0:45, middle half 0:35–8:46

    Some games also: Vehicle Plant (42%)

    By 0:28 in all: 2 mex · 1 wind

    The example game in this phase · 3 steps
    1. Mex ×2
    2. Wind
    3. Vehicle PlantVehicle Plantdone 0:41 · typical 0:47
  2. 2

    Bot Lab to 5:00

    Economy
    • Metal Extractor4Mex
    • Wind Turbine3Wind
    Army
    • Sentry1 Sentry

    Some games also: rocketeer (45%) · con bot (44%) · Lazarus (43%) · tick (40%) · centurion (36%)

    By 5:00 in all: 6 mex · 7 wind

    The example game in this phase · 25 steps
    1. RoverScout
    2. Wind
    3. RoverScout ×4
    4. Construction VehicleCon vehicle
    5. JanusJanus
    6. Construction VehicleCon vehicle
    7. Mex
    8. JanusJanus
    9. Mex
    10. JanusJanus
    11. Mex
    12. StoutStout
    13. SentrySentry
    14. Mex
    15. SentrySentry
    16. Construction VehicleCon vehicle
    17. SentrySentry
    18. WhistlerMissile truck
    19. Wind
    20. WhistlerMissile truck
    21. Wind
    22. Construction VehicleCon vehicle
    23. BlitzBlitz ×2
    24. Mex
    25. BlitzBlitz ×7
  3. 3

    5:00 to 10:00

    Economy
    • Metal Extractor1Mex
    • Wind Turbine14Wind
    Builders
    • Construction Turret2 Con turret
    Army
    • Sentry1 Sentry

    Some games also: energy storage (46%) · blitz (39%) · rocketeer (38%) · pawn (35%) · Lazarus (35%)

    By 10:00 in all: 7 mex · 25 wind · 1 energy storage · 3 con turret

    The example game in this phase · 59 steps
    1. BlitzBlitz ×19
    2. Wind
    3. Con turret
    4. Advanced Metal ExtractorT2 mexdone 9:26 · typical 8:53
    5. RoverScout
    6. Wind
    7. RoverScout
    8. Advanced Metal ExtractorT2 mex
    9. Wind
    10. RoverScout ×2
    11. BlitzBlitz
    12. Wind
    13. BlitzBlitz
    14. Advanced Metal ExtractorT2 mex
    15. Wind
    16. BlitzBlitz
    17. Wind
    18. BlitzBlitz
    19. Wind
    20. BlitzBlitz ×3
    21. Advanced Metal ExtractorT2 mex
    22. Wind
    23. BlitzBlitz
    24. Wind
    25. BlitzBlitz ×2
    26. Wind
    27. Construction VehicleCon vehicle
    28. Wind
    29. Pit BullPit Bull
    30. Wind
    31. Construction VehicleCon vehicle
    32. Wind ×3
    33. Construction VehicleCon vehicle
    34. Wind ×5
    35. Advanced Metal ExtractorT2 mex
    36. Wind
    37. Energy storage
    38. Wind ×4
    39. RoverScout
    40. Wind
    41. RoverScout
    42. Wind
    43. Pit BullPit Bull
    44. Wind
    45. RoverScout
    46. Con turret
    47. Wind
    48. Energy storage
    49. RoverScout
    50. Wind
    51. RoverScout
    52. Wind
    53. RoverScout
    54. Wind
    55. RoverScout
    56. Wind
    57. RoverScout
    58. Pit BullPit Bull
    59. BlitzBlitz

Counts are medians over the build's games: half of them build more, half fewer. The example game is [BS]Hellzie's (39 OS, 02/09/2026); pick another.

Team trades

IN AT LEAST 30% OF ITS GAMES

You hand over

Nothing regular.

You get

  • Tidal Generator4 Tidal from Pondfirst at 0:18 · in 69% of games
  • Advanced Construction Bot1 T2 con bot from Geo or Techfirst at 7:17 · in 67% of games

How it plays out

Typical game of this build, running totals by minute

Metal produced

010k20k30k
0:005:0010:0015:00

metal

Enemy metal destroyed

05k10k
0:005:0010:0015:00

metal

Own metal lost

05k10k
0:005:0010:0015:00

metal

1106 games.

Show as table
ByMetal produced: This buildEnemy metal destroyed: This buildOwn metal lost: This build
1:0033300
2:008452131
3:001625141105
4:002713541333
5:0038681197816
6:00507821211524
7:00633930122448
8:00766738773357
9:00911846694311
10:001069653425050
11:001264758395699
12:001486663976527
13:001746370137244
14:002018476298090
15:002267783978941
WHAT THE NUMBERS SAY

Standard Front play wins more often than suicide front and produces more metal by 15:00, reflecting its safer positioning.

  • + Metal produced reaches 22219 by 15:00, above suicide front's 19882
  • + Own losses of 8949 stay under enemy metal destroyed's near-equal 8347
  • − First unit lost by 1:44 shows exposure even from the safer side
  • − Wider gap to defend demands disciplined coast-then-mid unit movement
THE EXAMPLE YOU ARE READING

[BS]Hellzie

39.2 OS · 02/09/2026

Open source match ↗

9 received units · includes a constructor
182 metal received · 23563 energy received

Allied construction assistance is unknown. Timings are observations, not a promise of solo reproducibility.

Typical milestones

Bot Lab0:45Middle 50%: 0:35–8:46 · n=695
Vehicle Plant0:47Middle 50%: 0:37–0:57 · n=789
Advanced Metal Extractor8:53Middle 50%: 8:01–10:02 · n=884

Played most by

Hummell97games of this buildhaaven93games of this buildLeohvm79games of this buildXad63games of this buildImmort38games of this build